 Dungeon Crawl Stone Soup version 0.27-a0-385-g3208abaabc (webtiles) character file.

Game seed: 958853093097889475

133 FrozenTrovador the Skirmisher (level 4, 0/37 HPs)
             Began as a Demonspawn Abyssal Knight on Feb 18, 2021.
             Was a Believer of Lugonu.
             Slain by a worker ant (3 damage)
             ... on level 4 of the Dungeon on June 2, 2021.
             The game lasted 00:07:10 (3763 turns).

FrozenTrovador the Skirmisher (DsAK)                Turns: 3763, Time: 00:07:10

Health: 0/37       AC:  7    Str: 13    XL:     4   Next: 93%
Magic:  5/5        EV:  9    Int: 14    God:    Lugonu [**....]
Gold:   95         SH:  0    Dex: 12    Spells: 3/3 levels left

rFire    . . .     SeeInvis .   a - +1 falchion
rCold    . . .     Faith    .   (no shield)
rNeg     . . .     Spirit   .   k - +0 scale mail
rPois    .         Reflect  .   (no helmet)
rElec    .         Harm     .   m - +0 cloak
rCorr    .         Rampage  .   (no gloves)
Will     .....                  (no boots)
Stlth    ..........             (no amulet)
HPRegen  0.12/turn              (no ring)
MPRegen  0.09/turn              (no ring)

@: lethally poisoned (0 -> -5)
A: powered by death 2, screaming 1
a: Renounce Religion, Depart the Abyss, Bend Space


You were on level 4 of the Dungeon.
You worshipped Lugonu.
Lugonu was pleased with you.
You visited 1 branch of the dungeon, and saw 4 of its levels.
You visited the Abyss 1 time.

You collected 95 gold pieces.

Inventory:

Hand Weapons
 a - a +1 falchion (weapon)
Missiles
 s - 4 atropa-tipped darts
Armour
 b - a +0 leather armour
 k - a +0 scale mail (worn)
 m - a +0 cloak (worn)
Jewellery
 o - a ring of protection from cold {unknown}
 r - an amulet of faith {unknown}
Scrolls
 d - 5 scrolls of identify {unknown}
 g - a scroll of teleportation {unknown}
 h - 3 scrolls of amnesia {unknown}
 i - a scroll of enchant weapon {unknown}
 j - a scroll of enchant armour {unknown}
 u - a scroll of random uselessness {unknown}
Potions
 c - 2 potions of attraction {unknown}
 e - 3 potions of curing {unknown}
 f - a potion of brilliance {unknown}
 n - 2 potions of resistance {unknown}
 p - 2 potions of invisibility {unknown}
 q - 2 potions of haste {unknown}
 t - a potion of flight {unknown}


   Skills:
 + Level 3.8 Fighting
 + Level 3.0 Long Blades
 + Level 2.8 Armour
 + Level 1.6 Dodging
 + Level 0.1 Stealth
 + Level 2.4 Invocations


You had 3 spell levels left.
You didn't know any spells.
Your spell library was empty.

Dungeon Overview and Level Annotations

Branches:
Dungeon (4/15)
 Temple: D:4-7

Altars:
Ashenzari
Cheibriados
Makhleb
Okawaru
Ru


Innate Abilities, Weirdness & Mutations

You regenerate health from kills.
You occasionally shout uncontrollably at your foes.


Message History

Your Long Blades skill increases to level 3!
You feel sick.
You see here a worker ant corpse.
There is a stone staircase leading up, spattered with blood here.
You start resting.
You feel sick. x6
You are no longer poisoned.
You start resting.
A worker ant is nearby!
A worker ant is nearby!
You hit the worker ant but do no damage.
The worker ant bites you. x2
You barely miss the worker ant. The worker ant bites you.
You hit the worker ant.
The worker ant is moderately wounded.
The worker ant closely misses you.
You hit the worker ant.
The worker ant is moderately wounded.
The worker ant bites you. x2
* * * LOW HITPOINT WARNING * * *
You are poisoned.
The worker ant poisons you!
You hit the worker ant.
The worker ant is heavily wounded.
You feel sick.
The worker ant bites you but does no damage.
You closely miss the worker ant.
The worker ant is heavily wounded.
You feel sick. The worker ant bites you.
* * * LOW HITPOINT WARNING * * *
The worker ant bites you but does no damage.
You hit the worker ant but do no damage.
The worker ant is heavily wounded.
* * * LOW HITPOINT WARNING * * *
You feel sick. The worker ant bites you.
* * * LOW HITPOINT WARNING * * *
You closely miss the worker ant.
The worker ant is heavily wounded.
* * * LOW HITPOINT WARNING * * *
You feel sick. The worker ant bites you.
You die...

.# .# #.##
...
####..#####
#..........
#..B....###
#..@.......
#..†.)..###
#.......#
#.......#
#.......#
####.#.##
.#.# )#.#
.#


You could see a worker ant.

Vanquished Creatures
  A worker ant (D:4)
  5 adders
  A worm (D:2)
  2 dart slugs
  2 orcs
  4 bats
  4 giant cockroaches (D:1)
  8 hobgoblins
  6 kobolds
  3 quokkas
  2 ball pythons (D:3)
  2 frilled lizards
  8 goblins
  A quokka skeleton (D:4)
  7 rats
56 creatures vanquished.

Vanquished Creatures (others)
  2 plants
2 creatures vanquished.

Grand Total: 58 creatures vanquished

Notes
Turn   | Place    | Note
-------+----------+-------------------------------------------
     0 | Abyss:1  | FrozenTrovador the Demonspawn Abyssal Knight began the
                  | quest for the Orb.
     0 | Abyss:1  | Reached XP level 1. HP: 18/18 MP: 2/2
    63 | Abyss:1  | Noticed a dire elephant zombie
   104 | Abyss:1  | Noticed a wight
   112 | Abyss:1  | Noticed a neqoxec
   114 | Abyss:1  | Gained mutation: You occasionally shout uncontrollably at
                  | your foes. [a neqoxec]
   123 | Abyss:1  | Noticed a small abomination
   124 | D:1      | Escaped the Abyss
   320 | D:1      | Reached * piety under Lugonu
   456 | D:1      | Gained mutation: You regenerate a little health from kills.
                  | [demonic ancestry]
   456 | D:1      | Reached XP level 2. HP: 20/24 MP: 3/3
   943 | D:1      | Reached skill level 1 in Dodging
  1431 | D:2      | Reached XP level 3. HP: 20/29 MP: 4/4
  1971 | D:2      | Gained mutation: You regenerate health from kills. [demonic
                  | ancestry]
  1971 | D:2      | Reached XP level 4. HP: 37/37 MP: 5/5
  2503 | D:3      | Found a broken altar of Ashenzari.
  2531 | D:3      | Found an iron altar of Okawaru.
  2560 | D:3      | Reached ** piety under Lugonu
  2571 | D:3      | Found a snail-covered altar of Cheibriados.
  3109 | D:3      | Found a burning altar of Makhleb.
  3315 | D:3      | Found a sacrificial altar of Ru.
  3763 | D:4      | Slain by a worker ant

Illustrated notes

Levels and vault maps discovered:
D:1:      dpeg_arrival_ternary, layout_basic
D:2:      layout_basic, serial_curves, eino_curves_02, eino_curves_02
D:3:      layout_loops_ring, cheibrodos_ashenzari_chains,
          nicolae_overflow_crystal_walls, marbit_many_paths,
          cheibriados_altar_1, lightli_temple_of_fire, minmay_shallow_snake_nest
D:4:      layout_loops_ring, fedhas_altar_1

Skill      XL: |  1  2  3  4 |
---------------+-------------+-----
Armour         | 2 |  2.8
Long Blades    | 2 3 |  3.0
Dodging        | 1 |  1.6
Fighting       | |  3.8
Stealth        | |  0.1
Invocations    | |  2.4

Action                   |  1- 3 |  4- 6 || total
-------------------------+-------+-------++-------
Melee: Falchion          |   117 |    81 ||   198
Invok: Depart the Abyss  |     1 |       ||     1
       Bend Space        |       |     1 ||     1
  Use: Potion            |     1 |     1 ||     2
Armor: Leather armour    |    18 |       ||    18
       Scale mail        |    34 |    46 ||    80
Dodge: Dodged            |    70 |    44 ||   114
       Rpst.: Falchion   |    18 |     5 ||    23

Table legend: (Time is in decaauts)
 A = Elapsed time spent in this place.
 B = Non-inter-level travel time spent in this place.
 C = Inter-level travel time spent in this place.
 D = Time resting spent in this place.
 E = Time spent auto-exploring this place.
 F = Levels seen in this place.
 G = Mean time per level.
                   A        B        C        D        E       F      G
               +--------+--------+--------+--------+--------+-----+--------+
         Total |   3798 |   3755 |     43 |    840 |   2310 |   5 |  759.6 |
       Dungeon |   3674 |   3631 |     43 |    840 |   2240 |   4 |  918.5 |
         Abyss |    124 |    124 |      0 |      0 |     70 |   1 |  124.0 |
               +--------+--------+--------+--------+--------+-----+--------+

Top non-repeatable levels by time:
     D:1: 1257 daAuts
     D:3: 1247 daAuts
     D:2: 996 daAuts
     D:4: 172 daAuts
 Abyss:1: 124 daAuts
